APP
SEATTLE (APP) MARINERS @ OAKLAND (APP) ATHLETICS
10/05/2049
 
TOP OF THE 1ST
Orem Owlz batting - Pitching for Texas (APP) Rangers : LHP Adam Mallow
Pitching: LHP Adam Mallow
Batting: RHB Dan Myers 0-0: Ball
1-0: Ball
2-0: Foul Ball, location: 2F
2-1: Swinging Strike
2-2: Foul Ball, location: 2F
2-2: Strikes out swinging
Batting: RHB Fred Saxton 0-0: Ball
1-0: Called Strike
1-1: SINGLE (Groundball, 4D, EV 98.1 MPH)
Batting: RHB Dan Thomey 0-0: Ball
Fred Saxton steals 2nd base
1-0: Called Strike
1-1: Ground out 6-3 (Groundball, 6, EV 102.5 MPH)
Batting: RHB Kyle Gray 0-0: Fly out, F9 (Flyball, 9D, EV 99.4 MPH)
Top of the 1st over - 0 runs, 1 hit, 0 errors, 1 left on base; Orem 0 - Texas (APP) 0
BOTTOM OF THE 1ST
Texas (APP) Rangers batting - Pitching for Orem Owlz : RHP Lense Heus
Pitching: RHP Lense Heus
Batting: SHB Tim Rogers 0-0: Ball
1-0: Ball
2-0: Ball
3-0: Base on Balls
Batting: SHB Zack Barton 0-0: Ball
1-0: Swinging Strike
1-1: Swinging Strike
1-2: Ball
Tim Rogers steals 2nd base (no throw)
2-2: Ball
3-2: Foul Ball, location: 2F
3-2: Base on Balls
Batting: RHB Aaron Moore 0-0: Ball
1-0: Called Strike
1-1: Swinging Strike
1-2: DOUBLE (Line Drive, 9LM, EV 106.9 MPH)
Tim Rogers scores
Zack Barton to third
Batting: RHB Luis Reyna 0-0: Ground out 1-3 (Groundball, 13S, EV 69.4 MPH)
Batting: RHB Jerry Foster 0-0: Called Strike
0-1: Foul Ball, location: 2F
0-2: Ball
1-2: TRIPLE (Line Drive, 9D, EV 107.5 MPH)
Zack Barton scores
Aaron Moore scores
Batting: RHB Ron Squires 0-0: Ball
1-0: Ball
2-0: Foul Ball, location: 2F
2-1: DOUBLE (Line Drive, 89XD, EV 102.5 MPH)
Jerry Foster scores
Batting: RHB Luis Solorzano 0-0: Ball
1-0: Foul Ball, location: 2F
1-1: Swinging Strike
1-2: Ground out 1-3 (Groundball, P, EV 74.4 MPH)
Ron Squires to third
Batting: RHB Nick Solberg 0-0: Swinging Strike
0-1: Foul Ball, location: 2F
0-2: SINGLE (Groundball, 56S, EV 76.2 MPH) (infield hit)
Ron Squires scores
Batting: SHB Albert Ortiz 0-0: Ball
1-0: Called Strike
1-1: Swinging Strike
1-2: Strikes out looking
Bottom of the 1st over - 5 runs, 4 hits, 0 errors, 1 left on base; Orem 0 - Texas (APP) 5
TOP OF THE 2ND
Orem Owlz batting - Pitching for Texas (APP) Rangers : LHP Adam Mallow
Batting: RHB Dan Burkhart 0-0: Swinging Strike
0-1: Foul Ball, location: 2F
0-2: Ball
1-2: Ball
2-2: SINGLE (Line Drive, 9S, EV 93.8 MPH)
Batting: SHB Danny Gelinas 0-0: Called Strike
0-1: Foul Ball, location: 2F
0-2: Ball
1-2: Strikes out looking
Batting: RHB Rory Cobb 0-0: Called Strike
0-1: Ball
1-1: Called Strike
1-2: Ball
2-2: Foul Ball, location: 2F
2-2: SINGLE (Groundball, 56D, EV 97.5 MPH)
Dan Burkhart to second
Batting: RHB Aaron Bryant 0-0: SINGLE (Line Drive, 89S, EV 107.5 MPH)
Dan Burkhart to third
Rory Cobb to second
Batting: SHB David Vigo 0-0: Called Strike
0-1: Swinging Strike
0-2: Ball
1-2: Grounds into double play, 5-4-3 (Groundball, 56, EV 83.8 MPH)
Top of the 2nd over - 0 runs, 3 hits, 0 errors, 2 left on base; Orem 0 - Texas (APP) 5
BOTTOM OF THE 2ND
Texas (APP) Rangers batting - Pitching for Orem Owlz : RHP Lense Heus
Batting: SHB Tim Rogers 0-0: Ground out U3 (Groundball, 3, EV 97.5 MPH)
Batting: SHB Zack Barton 0-0: Ball
1-0: Swinging Strike
1-1: Called Strike
1-2: Ball
2-2: Ball
3-2: Ground out 4-3 (Groundball, 4, EV 108.8 MPH)
Batting: RHB Aaron Moore 0-0: Called Strike
0-1: Swinging Strike
0-2: Ball
1-2: Strikes out swinging
Bottom of the 2nd over - 0 runs, 0 hits, 0 errors, 0 left on base; Orem 0 - Texas (APP) 5
TOP OF THE 3RD
Orem Owlz batting - Pitching for Texas (APP) Rangers : LHP Adam Mallow
Batting: RHB Dan Myers 0-0: Called Strike
0-1: Swinging Strike
0-2: Foul Ball, location: 2F
0-2: Ball
1-2: Ball
2-2: Strikes out swinging
Batting: RHB Fred Saxton 0-0: Swinging Strike
0-1: Foul Ball, location: 2F
0-2: Ball
1-2: Strikes out swinging
Batting: RHB Dan Thomey 0-0: SINGLE (Line Drive, 56, EV 94.4 MPH)
Batting: RHB Kyle Gray 0-0: SINGLE (Groundball, 4D, EV 108.1 MPH)
Dan Thomey to second
Runner from 2nd tries for 3rd, SAFE, throw by CF made to third
Batting: RHB Dan Burkhart 0-0: Called Strike
0-1: Ball
1-1: Fielders Choice at 2nd, 5-4 (Groundball, 56, EV 80.6 MPH)
Top of the 3rd over - 0 runs, 2 hits, 0 errors, 2 left on base; Orem 0 - Texas (APP) 5
BOTTOM OF THE 3RD
Texas (APP) Rangers batting - Pitching for Orem Owlz : RHP Lense Heus
Batting: RHB Luis Reyna 0-0: Ball
1-0: SINGLE (Groundball, 6, EV 94.4 MPH)
Batting: RHB Jerry Foster 0-0: Ball
Luis Reyna steals 2nd base (no throw)
1-0: Called Strike
1-1: Foul Ball, location: 2F
1-2: 2-RUN HOME RUN (Flyball, 7D, EV 98.1 MPH), Distance : 389 ft
Pitching: RHP Arnold Frye
Batting: RHB Ron Squires 0-0: Ball
1-0: Called Strike
1-1: Called Strike
1-2: Ball
2-2: SINGLE (Line Drive, 4D, EV 97.5 MPH)
Batting: RHB Luis Solorzano 0-0: Foul Ball, location: 2F
0-1: Foul Ball, location: 2F
0-2: TRIPLE (Flyball, 9LD, EV 102.5 MPH)
Ron Squires scores
Batting: RHB Nick Solberg 0-0: Foul Ball, location: 2F
0-1: Ball
1-1: Called Strike
1-2: Ball
2-2: Ground out 6-3 (Groundball, 6M, EV 81.2 MPH)
Luis Solorzano scores
Batting: SHB Albert Ortiz 0-0: Ball
1-0: Called Strike
1-1: Called Strike
1-2: Ball
2-2: Ball
3-2: Strikes out swinging, 2-3 out at first.
Batting: SHB Tim Rogers 0-0: Called Strike
0-1: Ball
1-1: Ground out 4-3 (Groundball, 4D, EV 86.2 MPH)
Bottom of the 3rd over - 4 runs, 4 hits, 0 errors, 0 left on base; Orem 0 - Texas (APP) 9
TOP OF THE 4TH
Orem Owlz batting - Pitching for Texas (APP) Rangers : LHP Adam Mallow
Batting: SHB Danny Gelinas 0-0: Reached on error, E6 (Groundball, 56, EV 90.0 MPH)
Batting: RHB Rory Cobb 0-0: Swinging Strike
0-1: Swinging Strike
0-2: Ball
1-2: Strikes out looking
Batting: RHB Aaron Bryant 0-0: Called Strike
0-1: Ball
1-1: Foul Ball, location: 2F
1-2: Ball
2-2: Ball
3-2: Ground out 5-3 (Groundball, 56S, EV 68.8 MPH)
Danny Gelinas to second
Batting: SHB David Vigo 0-0: Called Strike
0-1: Ball
1-1: Ball
2-1: Ball
3-1: Foul Ball, location: 2F
3-2: Strikes out swinging
Top of the 4th over - 0 runs, 0 hits, 1 error, 1 left on base; Orem 0 - Texas (APP) 9
BOTTOM OF THE 4TH
Texas (APP) Rangers batting - Pitching for Orem Owlz : RHP Arnold Frye
Batting: SHB Zack Barton 0-0: Ground out 6-3 (Groundball, 6D, EV 96.2 MPH)
Batting: RHB Aaron Moore 0-0: Called Strike
0-1: Ball
1-1: Ball
2-1: Called Strike
2-2: Foul Ball, location: 2F
2-2: Fly out, F9 (Flyball, 89M, EV 73.8 MPH)
Batting: RHB Luis Reyna 0-0: Ball
1-0: Foul Ball, location: 2F
1-1: Foul Ball, location: 2F
1-2: Foul Ball, location: 2F
1-2: Ball
2-2: Foul Ball, location: 2F
2-2: Foul Ball, location: 2F
2-2: Ball
3-2: Base on Balls
Pitching: RHP Jeff Shelton
Batting: RHB Jerry Foster 0-0: SINGLE (Line Drive, 56, EV 102.5 MPH)
Luis Reyna to second
Batting: RHB Ron Squires 0-0: Called Strike
0-1: Ball
Wild Pitch!
Luis Reyna to third
Jerry Foster to second
1-1: Ball
2-1: Called Strike
2-2: Strikes out looking
Bottom of the 4th over - 0 runs, 1 hit, 0 errors, 2 left on base; Orem 0 - Texas (APP) 9
TOP OF THE 5TH
Orem Owlz batting - Pitching for Texas (APP) Rangers : LHP Adam Mallow
Batting: RHB Dan Myers 0-0: Ball
1-0: Swinging Strike
1-1: Called Strike
1-2: Foul Ball, location: 2F
1-2: Ball
2-2: Strikes out swinging
Batting: RHB Fred Saxton 0-0: Ball
1-0: Called Strike
1-1: Swinging Strike
1-2: Foul Ball, location: 2F
1-2: Strikes out looking
Batting: RHB Dan Thomey 0-0: Ball
1-0: Foul Ball, location: 2F
1-1: Called Strike
1-2: Ball
2-2: Strikes out looking
Top of the 5th over - 0 runs, 0 hits, 0 errors, 0 left on base; Orem 0 - Texas (APP) 9
BOTTOM OF THE 5TH
Texas (APP) Rangers batting - Pitching for Orem Owlz : RHP Jeff Shelton
Batting: RHB Luis Solorzano 0-0: Called Strike
0-1: Ground out 4-3 (Groundball, 4, EV 84.4 MPH)
Batting: RHB Nick Solberg 0-0: Ball
1-0: Ball
2-0: Foul Ball, location: 2F
2-1: Foul Ball, location: 2F
2-2: Strikes out swinging
Batting: SHB Albert Ortiz 0-0: Ground out 1-3 (Groundball, 23, EV 64.4 MPH)
Bottom of the 5th over - 0 runs, 0 hits, 0 errors, 0 left on base; Orem 0 - Texas (APP) 9
TOP OF THE 6TH
Orem Owlz batting - Pitching for Texas (APP) Rangers : LHP Adam Mallow
Batting: RHB Kyle Gray 0-0: SINGLE (Flyball, 5D, EV 88.1 MPH)
Batting: RHB Dan Burkhart 0-0: Called Strike
0-1: Ball
1-1: Foul Ball, location: 2F
1-2: Strikes out swinging
Batting: SHB Danny Gelinas 0-0: Called Strike
0-1: Foul Ball, location: 2F
0-2: Strikes out swinging
Batting: RHB Rory Cobb 0-0: Ball
1-0: Foul Ball, location: 2F
1-1: Ball
2-1: Fielders Choice at 2nd, U6 (Groundball, 6M, EV 105.6 MPH)
Top of the 6th over - 0 runs, 1 hit, 0 errors, 1 left on base; Orem 0 - Texas (APP) 9
BOTTOM OF THE 6TH
Texas (APP) Rangers batting - Pitching for Orem Owlz : RHP Jeff Shelton
Batting: SHB Tim Rogers 0-0: Called Strike
0-1: Ball
1-1: Foul Ball, location: 2F
1-2: Ground out 4-3 (Groundball, 4, EV 89.4 MPH)
Batting: SHB Zack Barton 0-0: Ground out U3 (Groundball, 3S, EV 61.2 MPH)
Batting: RHB Aaron Moore 0-0: Ball
1-0: Ball
2-0: Called Strike
2-1: Ball
3-1: Foul Ball, location: 2F
3-2: Base on Balls
Batting: RHB Luis Reyna 0-0: Called Strike
0-1: Foul Ball, location: 2F
0-2: 2-RUN HOME RUN (Flyball, 7D, EV 95.0 MPH), Distance : 378 ft
Batting: RHB Jerry Foster 0-0: Swinging Strike
0-1: Foul Ball, location: 2F
0-2: Ball
1-2: Ball
2-2: SINGLE (Groundball, 56D, EV 97.5 MPH)
Pitching: RHP Jon Trujillo
Batting: RHB Ron Squires 0-0: Ball
1-0: 2-RUN HOME RUN (Flyball, 7D, EV 99.4 MPH), Distance : 380 ft
Batting: RHB Luis Solorzano 0-0: Foul Ball, location: 2F
0-1: Ball
1-1: Foul Ball, location: 2F
1-2: Ball
2-2: Foul Ball, location: 2F
2-2: Strikes out swinging
Bottom of the 6th over - 4 runs, 3 hits, 0 errors, 0 left on base; Orem 0 - Texas (APP) 13
TOP OF THE 7TH
Orem Owlz batting - Pitching for Texas (APP) Rangers : LHP Adam Mallow
Batting: RHB Aaron Bryant 0-0: Ball
1-0: Ball
2-0: Called Strike
2-1: Foul Ball, location: 2F
2-2: Strikes out swinging
Batting: SHB David Vigo 0-0: Called Strike
0-1: Foul Ball, location: 2F
0-2: SINGLE (Line Drive, 6MD, EV 97.5 MPH)
Batting: RHB Dan Myers 0-0: Called Strike
0-1: Hit by Pitch
David Vigo to second
Batting: RHB Fred Saxton 0-0: Swinging Strike
0-1: Swinging Strike
0-2: Hit by Pitch
David Vigo to third
Dan Myers to second
Batting: RHB Dan Thomey 0-0: Called Strike
0-1: Foul Ball, location: 2F
0-2: Ball
1-2: Foul Ball, location: 2F
1-2: Ball
2-2: Grounds into double play, 6-4-3 (Groundball, 6, EV 85.6 MPH)
Top of the 7th over - 0 runs, 1 hit, 0 errors, 2 left on base; Orem 0 - Texas (APP) 13
BOTTOM OF THE 7TH
Texas (APP) Rangers batting - Pitching for Orem Owlz : RHP Jon Trujillo
Batting: LHB Eddie Reyes 0-0: Ball
1-0: Foul Ball, location: 2F
1-1: Ball
2-1: Fly out, F7 (Flyball, 78S, EV 97.5 MPH)
Batting: SHB Albert Ortiz 0-0: Ball
1-0: Called Strike
1-1: Ball
2-1: Ball
3-1: Swinging Strike
3-2: Strikes out looking
Batting: SHB Tim Rogers 0-0: Ball
1-0: Foul Ball, location: 2F
1-1: SINGLE (Groundball, 6MD, EV 108.8 MPH)
Batting: SHB Zack Barton 0-0: Foul Ball, location: 2F
0-1: Ball
Passed Ball!
Tim Rogers to second
1-1: Hit by Pitch
Pinch Hitting: LHB Santino Pisanello 0-0: Called Strike
0-1: Foul Ball, location: 2F
0-2: Ball
1-2: Ball
2-2: Ball
3-2: Ground out 4-3 (Groundball, 4, EV 91.9 MPH)
Bottom of the 7th over - 0 runs, 1 hit, 0 errors, 2 left on base; Orem 0 - Texas (APP) 13
TOP OF THE 8TH
Orem Owlz batting - Pitching for Texas (APP) Rangers : LHP Adam Mallow
Pitching: RHP Tamirat Abboud
Now in RF: Santino Pisanello
Batting: RHB Kyle Gray 0-0: Fly out, F2 (Popup, 2LF, EV 94.4 MPH)
Batting: RHB Dan Burkhart 0-0: Called Strike
0-1: Ground out 6-3 (Groundball, 6D, EV 88.1 MPH)
Batting: SHB Danny Gelinas 0-0: Ball
1-0: Ball
2-0: Hit by Pitch
Batting: RHB Rory Cobb 0-0: Swinging Strike
0-1: Foul Ball, location: 2F
0-2: Strikes out swinging
Top of the 8th over - 0 runs, 0 hits, 0 errors, 1 left on base; Orem 0 - Texas (APP) 13
BOTTOM OF THE 8TH
Texas (APP) Rangers batting - Pitching for Orem Owlz : RHP Jon Trujillo
Batting: RHB Luis Reyna 0-0: Called Strike
0-1: Ball
1-1: Ball
2-1: Foul Ball, location: 2F
2-2: SINGLE (Groundball, 5S, EV 63.8 MPH) (infield hit)
Pitching: RHP Matt Doherty
Batting: RHB Jerry Foster 0-0: Ball
1-0: 2-RUN HOME RUN (Flyball, 78XD, EV 101.9 MPH), Distance : 403 ft
Batting: RHB Ron Squires 0-0: Ball
1-0: Fly out, F7 (Line Drive, 7S, EV 96.9 MPH)
Batting: RHB Luis Solorzano 0-0: DOUBLE (Line Drive, 78D, EV 106.9 MPH)
Batting: LHB Eddie Reyes 0-0: Foul Ball, location: 2F
0-1: Foul Ball, location: 2F
0-2: Ball
1-2: Foul Ball, location: 2F
1-2: Foul Ball, location: 2F
1-2: Foul Ball, location: 2F
1-2: Foul Ball, location: 2F
1-2: Foul Ball, location: 2F
1-2: Ball
2-2: Ball
3-2: Ground out 6-3 (Groundball, 6, EV 100.0 MPH)
Batting: SHB Albert Ortiz 0-0: Called Strike
0-1: Ball
1-1: Ball
2-1: Foul Ball, location: 2F
2-2: Strikes out looking
Bottom of the 8th over - 2 runs, 3 hits, 0 errors, 1 left on base; Orem 0 - Texas (APP) 15
TOP OF THE 9TH
Orem Owlz batting - Pitching for Texas (APP) Rangers : RHP Tamirat Abboud
Batting: RHB Aaron Bryant 0-0: Called Strike
0-1: SINGLE (Groundball, 5S, EV 66.9 MPH) (infield hit)
Batting: SHB David Vigo 0-0: Ball
1-0: Ball
2-0: Ball
3-0: Called Strike
3-1: Called Strike
3-2: Foul Ball, location: 2F
3-2: Base on Balls
Aaron Bryant to second
Batting: RHB Dan Myers 0-0: Ball
1-0: Foul Ball, location: 2F
1-1: Ball
Wild Pitch!
Aaron Bryant to third
David Vigo to second
2-1: Ball
3-1: Called Strike
3-2: Base on Balls
Pinch Hitting: LHB Alberto Carrillo 0-0: Ball
1-0: Called Strike
1-1: Ball
2-1: Fielders Choice at 2nd, 3-6 (Groundball, 34, EV 93.1 MPH)
Aaron Bryant scores
David Vigo to third
Pinch Hitting: RHB Mark Squires 0-0: Reached via error on a dropped throw from SS, E4 (Groundball, 56D, EV 101.9 MPH)
David Vigo scores
Alberto Carrillo to second
Batting: RHB Kyle Gray 0-0: Ball
1-0: Ball
2-0: Ball
3-0: Base on Balls
Alberto Carrillo to third
Mark Squires to second
Batting: RHB Dan Burkhart 0-0: Called Strike
0-1: Foul Ball, location: 2F
0-2: Strikes out swinging
Batting: SHB Danny Gelinas 0-0: Fly out, F9 (Flyball, 9LSF, EV 97.5 MPH)
Top of the 9th over - 2 runs, 1 hit, 1 error, 3 left on base; Orem 2 - Texas (APP) 15
Sunday, July 16th , 2023 - OOTP Baseball 24.6 Build 69